 Dungeon Crawl Stone Soup version 0.26-b1-32-g5d43845318 (webtiles) character file.

Game seed: 14307409470648037603

88 jmlagarto the Shooter (level 4, 0/38 HPs)
             Began as a Hill Orc Hunter on Jan 9, 2021.
             Succumbed to an adder's poison
             ... on level 2 of the Dungeon.
             The game lasted 00:04:40 (1579 turns).

jmlagarto the Shooter (Hill Orc Hunter)             Turns: 1579, Time: 00:04:41

Health: 0/38       AC:  3    Str: 14    XL:     4   Next: 54%
Magic:  4/4        EV: 12    Int: 11    God:
Gold:   68         SH:  0    Dex: 12    Spells: 3/3 levels left

rFire    . . .     SeeInvis .   b - +0 short sword
rCold    . . .     Faith    .   (no shield)
rNeg     . . .     Spirit   .   c - +0 leather armour
rPois    .         Reflect  .   (no helmet)
rElec    .         Harm     .   (no cloak)
rCorr    .         Rampage  .   (no gloves)
Will     .....                  (no boots)
Stlth    +.........             (no amulet)
HPRegen  0.12/turn              (no ring)
MPRegen  0.09/turn              (no ring)

@: lethally poisoned (0 -> -13)
A: no striking features
a: no special abilities


You were on level 2 of the Dungeon.
You visited 1 branch of the dungeon, and saw 2 of its levels.

You collected 68 gold pieces.

Inventory:

Hand Weapons
 a - a +1 shortbow
 b - a +0 short sword (weapon)
Missiles
 d - 32 arrows
Armour
 c - a +0 leather armour (worn)
Scrolls
 e - 3 scrolls of identify {unknown}
 g - a scroll of teleportation {unknown}
 h - a scroll of amnesia {unknown}
 j - a scroll of remove curse {unknown}
 k - a scroll of fog {unknown}
 n - a scroll of enchant weapon {unknown}
Potions
 i - a potion of ambrosia {unknown}
 l - a potion of flight {unknown}
 m - a potion of heal wounds {unknown}
 o - a potion of might {unknown}


   Skills:
 + Level 3.0 Fighting
 + Level 0.7 Short Blades
 + Level 4.5 Bows
 + Level 1.9 Armour
 + Level 1.7 Dodging
 + Level 0.7 Stealth


You had 3 spell levels left.
You didn't know any spells.
Your spell library was empty.

Dungeon Overview and Level Annotations

Branches:
Dungeon (2/15)

Altars:

Annotations:
D:2 Sigmund


Message History

You miss the adder.
The adder is almost dead.
You feel sick. The adder bites you.
* * * LOW HITPOINT WARNING * * *
You are more poisoned.
The adder poisons you!
You barely miss the adder.
The adder is almost dead.
* * * LOW HITPOINT WARNING * * *
You feel sick. The adder bites you.
* * * LOW HITPOINT WARNING * * *
The adder bites you.
* * * LOW HITPOINT WARNING * * *
You closely miss the adder.
The adder is almost dead.
* * * LOW HITPOINT WARNING * * *
You feel sick. The adder bites you but does no damage.
You completely miss the adder.
The adder is almost dead.
You die...

#.# ### #.###.##
##......########
#####...##..........
#.....).##.######### .
#.###.<.##.# ..[
##.###.########
.....####......)......
(....!S@......########
....########### .


You could see an adder.

Vanquished Creatures
  Jessica (D:2)
  A gnoll (D:1)
  An adder (D:2)
  An ooze (D:1)
  2 dart slugs (D:1)
  A ball python (D:1)
  2 giant cockroaches (D:1)
  5 goblins
  4 hobgoblins
  4 kobolds (D:1)
  4 bats (D:1)
  7 frilled lizards (D:1)
  6 rats (D:1)
39 creatures vanquished.

Notes
Turn   | Place    | Note
-------+----------+-------------------------------------------
     0 | D:1      | jmlagarto the Hill Orc Hunter began the quest for the Orb.
     0 | D:1      | Reached XP level 1. HP: 18/18 MP: 1/1
    28 | D:1      | Reached skill level 4 in Bows
    28 | D:1      | Reached XP level 2. HP: 13/25 MP: 2/2
   356 | D:1      | Reached XP level 3. HP: 30/30 MP: 3/3
  1078 | D:2      | Reached XP level 4. HP: 32/38 MP: 4/4
  1193 | D:2      | Noticed Sigmund
  1521 | D:2      | Noticed Jessica
  1523 | D:2      | Killed Jessica
  1524 | D:2      | Reached skill level 1 in Armour
  1578 | D:2      | HP: 1/38 [poisoned by an adder]
  1579 | D:2      | Succumbed to an adder's poison

Illustrated notes

Levels and vault maps discovered:
D:1:      lightli_molten_gateway, layout_basic, minmay_lizard_pond
D:2:      layout_loops_ring, lemuel_blue_sif_altar,
          chequers_temple_overflow_statue_of_worship, uniq_jessica, uniq_sigmund

Skill      XL: |  1  2  3  4 |
---------------+-------------+-----
Bows           | 4 |  4.5
Fighting       | 3 |  3.0
Armour         | 1 |  1.9
Short Blades   | |  0.7
Dodging        | |  1.7
Stealth        | |  0.7

Action                   |  1- 3 |  4- 6 || total
-------------------------+-------+-------++-------
Melee: Short sword       |     7 |    16 ||    23
 Fire: Shortbow          |    84 |    30 ||   114
  Use: Potion            |       |     1 ||     1
Armor: Leather armour    |    15 |     7 ||    22
Dodge: Dodged            |    34 |    15 ||    49
